 Dungeon Crawl Stone Soup version 0.23-a0-449-g8e4cbf7 (console) character file.

33197 illunie the Cruncher (level 13, -8/80 HPs)
             Began as a Deep Elf Chaos Knight on Nov 22, 2018.
             Was a High Priest of Zin.
             Mangled by a two-headed hydra (25 damage)
             ... on level 6 of the Lair of Beasts.
             The game lasted 00:42:40 (17413 turns).

illunie the Cruncher (Deep Elf Chaos Knight)       Turns: 17413, Time: 00:42:41

Health: -8/80      AC: 20    Str: 20    XL:     13   Next: 35%
Magic:  0/25       EV: 14    Int: 25    God:    Zin [*****.]
Gold:   776        SH:  0    Dex: 18    Spells: 9/12 levels left

rFire    + . .     SeeInvis .   C - +3 scimitar (flame)
rCold    + . .     Gourm    .   (no shield)
rNeg     . . .     Faith    +   m - +10 scale mail of Happiness {+Fly rPois Stlth-}
rPois    ∞         Spirit   +   p - +0 hat
rElec    .         Reflect  .   E - scarf {Spirit}
rCorr    .         Harm     .   (no gloves)
MR       +....                  K - +2 pair of boots
Stlth    ..........             A - amulet of faith
HPRegen  0.63/turn              w - +3 ring of strength
MPRegen  0.19/turn              r - ring "Taohadwu" {rPois rF+ rC+}

@: vitalised, sleeping
A: beak, horns 1, talons 1, large bone plates 1, blurry vision 2, clever 1,
regeneration 1
a: Recite, Vitalisation, Imprison, Sanctuary, Donate Gold, Renounce Religion,
Evoke Flight


You were on level 6 of the Lair of Beasts.
You worshipped Zin.
Zin was extremely pleased with you.
You were not hungry.

You visited 3 branches of the dungeon, and saw 17 of its levels.
You also visited: Ossuary and Ice Cave.

You collected 862 gold pieces.
You donated 86 gold pieces to Zin.

Inventory:

Hand Weapons
 u - a +2 lajatang of electrocution
 C - a +3 scimitar of flaming (weapon)
Missiles
 l - 270 arrows
Armour
 m - the +10 scale mail of Happiness (worn) {+Fly rPois Stlth-}
   (You found it on level 6 of the Dungeon)

   It protects you from poison.
   It lets you fly.
   It makes you less stealthy.
 p - a +0 hat (worn)
 s - a +1 cloak
 x - a +0 helmet
 E - a scarf of spirit shield (worn)
 K - a +2 pair of boots (worn)
Jewellery
 a - a +2 amulet of reflection
 r - the ring "Taohadwu" (right hand) {rPois rF+ rC+}
   (You found it on level 4 of the Lair of Beasts)

   [ring of protection from cold]

   It protects you from fire.
   It protects you from cold.
   It protects you from poison.
 w - a +3 ring of strength (left hand)
 A - an amulet of faith (around neck)
 Q - an uncursed ring of ice
Wands
 i - a wand of acid (9)
 t - a wand of enslavement (15)
 z - a wand of digging (7)
 N - a wand of iceblast (8)
 O - a wand of flame (2)
 P - a wand of disintegration (23)
Scrolls
 h - 4 scrolls of enchant armour
 k - 3 scrolls of magic mapping
 o - 6 scrolls of teleportation
 y - a scroll of vulnerability
 D - 4 scrolls of amnesia
 F - 7 scrolls of remove curse
 G - a scroll of identify
 H - a scroll of fear
 L - 3 scrolls of immolation
Potions
 b - 2 potions of berserk rage
 d - 4 potions of might
 e - 7 potions of flight
 f - 5 potions of heal wounds
 g - 3 potions of cancellation
 j - 10 potions of curing
 n - a potion of resistance
 q - a potion of agility
 v - a potion of brilliance
 B - a potion of ambrosia
 I - 3 potions of haste
 J - 2 potions of invisibility
Comestibles
 c - 42 rations
 M - 2 chunks of flesh


   Skills:
 + Level 9.0 Fighting
 - Level 2.6 Long Blades
 - Level 14.0 Staves
 - Level 5.0 Armour
 - Level 7.0 Dodging
 + Level 13.3 Invocations


You had 9 spell levels left.
You knew the following spells:

 Your Spells              Type           Power        Failure   Level  Hunger
a - Spectral Weapon       Hex/Chrm       #.......     73%         3    ####...

Your spell library contained the following spells:

 Spells                   Type           Power        Failure   Level  Hunger
 Freeze                   Ice            #...         36%         1    ##.....
 Infusion                 Chrm           #...         36%         1    ##.....
 Magic Dart               Conj           #...         36%         1    ##.....
 Blink                    Tloc           N/A          50%         2    ###....
 Call Imp                 Summ           #.......     50%         2    ###....
 Shroud of Golubria       Chrm/Tloc      #.........   50%         2    ###....
 Slow                     Hex            #.......     50%         2    ###....
 Song of Slaying          Chrm           #.......     50%         2    ###....
 Throw Frost              Conj/Ice       #.....       50%         2    ###....
 Conjure Flame            Conj/Fire      #.......     73%         3    ####...
 Mephitic Cloud           Conj/Pois/Air  #.......     73%         3    ####...
 Ozocubu's Armour         Chrm/Ice       #.......     73%         3    ####...
 Regeneration             Chrm/Necr      #.........   73%         3    ####...
 Cause Fear               Hex            #.........   98%         4    #####..
 Summon Ice Beast         Ice/Summ       #.......     98%         4    #####..
 Throw Icicle             Conj/Ice       #.......     98%         4    #####..
 Bolt of Magma            Conj/Fire/Erth #.........   100%        5    ######.
 Iskenderun's Battlesphe  Conj/Chrm      #.......     100%        5    ######.
 Silence                  Hex/Air        #.........   100%        5    ######.
 Venom Bolt               Conj/Pois      #.........   100%        5    ######.
 Yara's Violent Unravell  Hex/Tmut       #.........   100%        5    ######.
 Deflect Missiles         Chrm/Air       #.........   100%        6    #######
 Iron Shot                Conj/Erth      #.........   100%        6    #######
 Orb of Destruction       Conj           #.........   100%        7    #######
 Spellforged Servitor     Conj/Summ      #.........   100%        7    #######
 Discord                  Hex            #.........   100%        8    #######


Dungeon Overview and Level Annotations

Branches:
Dungeon (10/15)            Temple (1/1) D:7            Lair (6/6) D:8
  Swamp (0/4) Lair:3        Snake (0/4) Lair:3        Slime (0/5) Lair:6
    Orc: D:9-12

Altars:
Ashenzari
Cheibriados
Dithmenos
Elyvilon
Fedhas
Gozag
Hepliaklqana
Kikubaaqudgha
Makhleb
Nemelex Xobeh
Okawaru
Qazlal
Ru
Sif Muna
Trog
Uskayaw
Vehumet
Wu Jian
Xom
Yredelemnul
Zin
The Shining One
Jiyva

Annotations:
D:8 2 transporters, voltaire321's ghost, novice DEAE
Lair:4 Rupert


Innate Abilities, Weirdness & Mutations

You have a beak for a mouth.
You have a pair of small horns on your head.
You have sharp toenails.
You are partially covered in large bone plates. (SH +4)
Scrolls take you longer to read.
Your mind is acute. (Int +2)
Your natural rate of healing is unusually fast.


Message History

The three-headed hydra is moderately wounded.
The three-headed hydra closely misses you.
The three-headed hydra misses you.
The three-headed hydra barely misses you.
The three-headed hydra bites you!
* * * LOW HITPOINT WARNING * * *
The three-headed hydra bites you.
* * * LOW HITPOINT WARNING * * *
The three-headed hydra misses you.
You hack one of the three-headed hydra's heads off!
The flame cauterises the wound!
You slash the two-headed hydra! You burn the two-headed hydra.
You headbutt the two-headed hydra, but do no damage.
You peck the two-headed hydra.
The two-headed hydra is heavily wounded.
The dream sheep shake their wool and sparkle.
You feel drowsy...
You fall asleep.
The two-headed hydra bites you!!
You die...
Xom snickers!

#........#
#........#
##........###
#...........#
##........#.#
#..........#
##........P##
####..........#
#@DyY.........#
####YY......###
#..........#
###.........#
#...........#
##...........#
##.........PP#
#...........##
###........##


You could see a two-headed hydra, a vampire mosquito and 3 dream sheep.

Vanquished Creatures
  Josephine (Lair:4)
  3 hydras (Lair:5)
  A centaur warrior (D:10)
  Erica (D:8)
  A two-headed ogre (D:7)
  A lindwurm (Lair:4)
  Joseph (D:7)
  A black mamba (Lair:5)
  22 spiny frogs
  2 rime drakes
  4 komodo dragons
  2 ice devils (Lair:2)
  A troll (D:8)
  Grinder (D:3)
  28 blink frogs
  2 dream sheep (Lair:6)
  4 hippogriffs
  Sigmund (D:3)
  3 wyverns
  12 yaks
  A basilisk (Lair:4)
  4 wraiths (Lair:4)
  A hungry ghost (D:8)
  5 vampire mosquitoes
  4 swamp worms
  3 nagas (Lair:3)
  11 water moccasins
  3 porcupines
  3 ice beasts
  2 orc warriors (D:6)
  3 sky beasts
  5 phantoms
  4 ogres
  7 wolves
  A centaur (D:7)
  8 crocodiles
  2 big kobolds
  18 bullfrogs
  2 scorpions
  3 killer bees (D:10)
  2 electric eels (D:8)
  2 howler monkeys (D:5)
  3 centaur zombies (Ossuary)
  4 crimson imps
  A quasit (D:8)
  7 hounds
  Crazy Yiuf (D:2)
  6 orc priests
  3 bullfrog skeletons
  2 centaur skeletons
  A gnoll shaman (D:7)
  3 jellies
  9 orc wizards
  2 iguanas
  Terence (D:2)
  6 worker ants
  2 big kobold zombies (Ossuary)
  A hound zombie (D:5)
  3 mummies (Ossuary)
  A worker ant zombie (D:7)
  A howler monkey zombie (D:9)
  Robin (D:3)
  6 adders
  10 gnolls
  3 shadow imps
  A white imp (D:6)
  2 oozes
  An adder skeleton (D:7)
  2 worms (D:4)
  6 dart slugs
  10 leopard geckos
  41 orcs
  A ball python (D:3)
  8 giant cockroaches
  17 goblins
  8 hobgoblins
  14 jackals
  29 kobolds
  4 quokkas
  5 bats
  3 frilled lizards
  A goblin zombie (Ossuary)
  A jackal skeleton (D:4)
  A jackal zombie (D:7)
  A kobold (shapeshifter) (D:4)
  A kobold zombie (Ossuary)
  An orc zombie (Ossuary)
  A quokka skeleton (D:5)
  A quokka zombie (D:5)
  8 rats
431 creatures vanquished.

Vanquished Creatures (collateral kills)
  A spiny frog (Lair:5)
1 creature vanquished.

Vanquished Creatures (others)
  A white imp (IceCv)
  2 ufetubi (IceCv)
  A kobold (D:7)
  6 fungi
  43 plants
53 creatures vanquished.

Grand Total: 485 creatures vanquished

Notes
Turn   | Place    | Note
-------+----------+-------------------------------------------
     0 | D:1      | illunie the Deep Elf Chaos Knight began the quest for the
                  | Orb.
     0 | D:1      | Reached XP level 1. HP: 13/13 MP: 3/3
     9 | D:1      | XOM: silly message
   235 | D:1      | Reached XP level 2. HP: 19/19 MP: 4/4
   631 | D:1      | XOM: mild Pois miscast
  1009 | D:1      | Reached XP level 3. HP: 23/23 MP: 5/5
  1136 | D:1      | XOM: mild Hex miscast
  1171 | D:1      | XOM: mild Tloc miscast
  1171 | D:1      | XOM: smoke on damage
  1382 | D:2      | XOM: scenery: create altars
  1428 | D:2      | XOM: silly message
  1793 | D:2      | XOM: medium Fire miscast
  1884 | D:2      | XOM: mild Summ miscast
  1885 | D:2      | Noticed a spatial vortex
  2026 | D:2      | XOM: 2-stop teleportation journey
  2047 | D:2      | Noticed Terence
  2047 | D:2      | XOM: smoke on damage
  2063 | D:2      | Killed Terence
  2063 | D:2      | Reached XP level 4. HP: 12/29 MP: 6/6
  2331 | D:2      | Found a runed door.
  2437 | D:2      | Noticed Crazy Yiuf
  2456 | D:2      | Killed Crazy Yiuf
  2460 | D:2      | XOM is BORED!
  2460 | D:2      | XOM: summons 2 hostile demons
  2622 | D:1      | XOM: give mutations
  2622 | D:1      | Gained mutation: Scrolls take you a little longer to read.
                  | [Xom's mischief]
  2622 | D:1      | Gained mutation: You have sharp toenails. [Xom's mischief]
  2622 | D:1      | Gained mutation: Armour fits poorly on your strangely
                  | shaped body. [Xom's mischief]
  2622 | D:1      | Gained mutation: Scrolls take you longer to read. [Xom's
                  | mischief]
  2654 | D:1      | XOM: stat loss: -1 Dex (11/14)
  2878 | D:3      | XOM: butterfly on damage
  2881 | D:2      | Reached skill level 1 in Staves
  2881 | D:2      | Reached XP level 5. HP: 13/34 MP: 7/7
  3357 | D:3      | XOM: torment (15/34 hp)
  3431 | D:2      | XOM: give mutations
  3431 | D:2      | Gained mutation: You have a beak for a mouth. [Xom's grace]
  3431 | D:2      | Gained mutation: You have a pair of small horns on your
                  | head. [Xom's grace]
  3431 | D:2      | Gained mutation: Your natural rate of healing is unusually
                  | fast. [Xom's grace]
  3431 | D:2      | Gained mutation: You are robust. (+10% HP) [Xom's grace]
  3502 | D:3      | Noticed Robin
  3515 | D:3      | Killed Robin
  3649 | D:3      | Reached skill level 2 in Staves
  3763 | D:3      | XOM is BORED!
  3763 | D:3      | XOM: give mutations
  3763 | D:3      | Lost mutation: You are robust. (+10% HP) [Xom's mischief]
  3763 | D:3      | Gained mutation: You are partially covered in large bone
                  | plates. (SH +4) [Xom's mischief]
  3763 | D:3      | Lost mutation: Armour fits poorly on your strangely shaped
                  | body. [Xom's mischief]
  3763 | D:3      | Gained mutation: Your mind is acute. (Int +2) [Xom's
                  | mischief]
  3804 | D:3      | Noticed Sigmund
  3817 | D:3      | Killed Sigmund
  3817 | D:3      | Reached skill level 5 in Fighting
  3817 | D:3      | Reached skill level 3 in Staves
  3817 | D:3      | Reached XP level 6. HP: 30/40 MP: 8/8
  3822 | D:3      | XOM: polymorph gnoll -> ball python
  3930 | D:3      | Noticed Grinder
  3953 | D:3      | Killed Grinder
  3953 | D:3      | Reached skill level 4 in Staves
  3953 | D:3      | Reached XP level 7. HP: 27/45 MP: 9/9
  4075 | D:4      | Found a glowing silver altar of Zin.
  4332 | D:4      | XOM: enchant monster (bad)
  4573 | D:4      | Reached skill level 5 in Staves
  4850 | D:5      | Entered Level 5 of the Dungeon
  5015 | D:5      | XOM: god gift: short sword {god gift}
  5051 | D:5      | Found a sand-covered staircase.
  5138 | Ossuary  | Entered an ossuary
  5181 | Ossuary  | Reached XP level 8. HP: 51/51 MP: 10/10
  5467 | D:5      | Reached skill level 6 in Staves
  5467 | D:5      | Reached skill level 5 in Dodging
  5668 | D:5      | XOM: cloud trail
  5731 | D:5      | XOM: summons 3 hostile demons
  5738 | D:5      | XOM: stat loss: -1 Dex (12/14)
  5789 | D:4      | XOM: mild Tmut miscast
  5894 | D:5      | XOM: medium Hex miscast
  6117 | D:6      | XOM: fog
  6262 | D:6      | XOM: cleaving
  6292 | D:6      | Reached skill level 7 in Staves
  6563 | D:6      | Got a transparent scale mail
  6574 | D:6      | Identified the +10 scale mail of Happiness {+Fly rPois
                  | Stlth-} (You found it on level 6 of the Dungeon)
  6589 | D:6      | XOM: cleaving
  6593 | D:6      | Reached skill level 1 in Armour
  6593 | D:6      | Reached XP level 9. HP: 55/55 MP: 11/11
  6748 | D:6      | XOM: god gift: 6 rations
  6782 | D:6      | Reached skill level 8 in Staves
  7189 | D:7      | Found a staircase to the Ecumenical Temple.
  7214 | D:6      | XOM: god gift: glowing jasper amulet {god gift}
  7241 | D:7      | XOM: polymorph crimson imp -> white imp
  7244 | D:7      | Noticed a two-headed ogre
  7392 | Temple   | Entered the Ecumenical Temple
  7716 | D:4      | Fell from the grace of Xom
  7716 | D:4      | Became a worshipper of Zin the Law-Giver
  7716 | D:4      | Reached * piety under Zin
  7846 | D:8      | Found a transporter.
  7867 | D:8      | Found a transporter.
  7879 | D:8      | Noticed voltaire321's ghost (novice DEAE)
  8356 | D:8      | Reached skill level 9 in Staves
  8361 | D:8      | Found a staircase to the Lair.
  8374 | D:8      | Reached skill level 1 in Invocations
  8493 | D:8      | Reached ** piety under Zin
  8555 | D:8      | Noticed Erica
  8835 | D:7      | Killed a two-headed ogre
  8835 | D:7      | Reached XP level 10. HP: 38/60 MP: 14/14
  9159 | D:7      | Noticed Joseph
  9205 | D:7      | Killed Joseph
  9205 | D:7      | Reached skill level 5 in Armour
  9227 | D:7      | XOM: draining
  9410 | D:8      | Reached skill level 10 in Staves
  9455 | D:8      | Reached skill level 5 in Invocations
  9581 | D:8      | Killed Erica
  9832 | D:9      | Reached *** piety under Zin
 10334 | D:10     | Entered Level 10 of the Dungeon
 10375 | D:10     | XOM: noise
 10488 | D:10     | Noticed a centaur warrior
 10535 | D:10     | Killed a centaur warrior
 10535 | D:10     | Reached skill level 11 in Staves
 10598 | D:10     | Reached **** piety under Zin
 10646 | D:10     | Noticed a centaur warrior
 10794 | Lair:1   | Entered Level 1 of the Lair of Beasts
 10799 | Lair:1   | Reached XP level 11. HP: 61/64 MP: 18/18
 11067 | Lair:1   | XOM: harmless Erth miscast
 11402 | Lair:1   | Identified a scroll of acquirement
 11569 | Lair:1   | XOM: mild Air miscast
 12208 | Lair:2   | Found a frozen archway.
 12227 | Lair:2   | Reached skill level 12 in Staves
 12243 | IceCv    | Entered an ice cave
 12870 | Lair:3   | Reached ***** piety under Zin
 13146 | Lair:3   | Found a staircase to the Snake Pit.
 13175 | Lair:3   | Reached skill level 10 in Invocations
 13306 | Lair:3   | XOM: mild Summ miscast
 13465 | Lair:3   | XOM: divination: magic mapping
 13849 | Lair:3   | Found a staircase to the Swamp.
 14034 | Lair:4   | Reached skill level 13 in Staves
 14034 | Lair:4   | Reached XP level 12. HP: 70/70 MP: 22/22
 14037 | Lair:4   | Got a shimmering lapis lazuli ring
 14038 | Lair:4   | Identified the ring "Taohadwu" {rPois rF+ rC+} (You found
                  | it on level 4 of the Lair of Beasts)
 14105 | Lair:4   | XOM: medium Air miscast
 14139 | Lair:4   | XOM: 1-stop teleportation journey
 14284 | Lair:4   | Noticed Rupert
 14441 | Lair:5   | Noticed an eight-headed hydra
 14455 | Lair:5   | Killed a one-headed hydra
 14606 | Lair:5   | XOM: mild Tmut miscast
 14735 | Lair:5   | Noticed a seven-headed hydra
 14747 | Lair:5   | Killed a four-headed hydra
 14876 | Lair:5   | Noticed a four-headed hydra
 14889 | Lair:5   | Killed a one-headed hydra
 15255 | Lair:5   | XOM: noise
 15631 | Lair:6   | Entered Level 6 of the Lair of Beasts
 15654 | Lair:5   | XOM: blink monster(s)
 15859 | Lair:4   | Learned a level 3 spell: Spectral Weapon
 15891 | Lair:4   | Noticed Josephine
 15922 | Lair:4   | Killed Josephine
 16222 | Lair:6   | Reached skill level 14 in Staves
 16393 | Lair:5   | Reached XP level 13. HP: 28/78 MP: 11/24
 16462 | Lair:5   | XOM: scenery: create altars
 16549 | Lair:6   | XOM: mild Fire miscast
 17028 | Lair:6   | Found a viscous altar of Jiyva.
 17029 | Lair:6   | Found a staircase to the Slime Pits.
 17037 | Lair:6   | XOM: summons 12 hostile demons
 17413 | Lair:6   | Mangled by a two-headed hydra

Vault maps used:
D:1:      dpeg_arrival_erosion, minmay_crystal_water, st_stairs_4, minmay_vboxes
D:2:      minmay_pentomino_t4, uniq_crazy_yiuf_cottage, uniq_terence
D:3:      first_ration, minmay_pentomino_pile, uniq_robin, uniq_sigmund,
          uniq_grinder
D:4:      nicolae_overflow_crystal_walls
D:5:      nicolae_ossuary_entry_false_entrances
D:7:      kennysheep_kobold_camp, minmay_temple_entry_glass, uniq_joseph
D:8:      erik_lair_island, gammafunk_ghost_stat_death, uniq_erica
D:10:     minmay_diamond_stairs, special_room
Temple:   kilobyte_greek_temple
Lair:2:   portal_ice_cave_demonic_guard
Lair:3:   minmay_swamp_entry_worms, minmay_snake_entry_guardpost_large
Lair:4:   lemuel_fruit_fields, uniq_rupert, uniq_josephine
Lair:5:   lemuel_fruit_fields, infiniplex_staircase_pool_2, serial_bayou_shore_b
Lair:6:   minmay_lair_end_frog_pond, dpeg_slime_entry_enclosed_altar
Ossuary:  ossuary_crypta
IceCv:    ice_cave_small_demon

Skill      XL: |  1  2  3  4  5  6  7  8  9 10 11 12 13 |
---------------+----------------------------------------+-----
Fighting       | 3 4 5 6 8 9 |  9.0
Staves         | 1 3 4 5 7 9 11 13 14 | 14.0
Dodging        | 4 7 |  7.0
Armour         | 1 4 5 |  5.0
Invocations    | 3 7 10 12 13 | 13.3
Long Blades    | |  2.6

Action                   |  1- 3 |  4- 6 |  7- 9 | 10-12 | 13-15 || total
-------------------------+-------+-------+-------+-------+-------++-------
Melee: Falchion          |    47 |       |       |       |       ||    47
       Whip              |    69 |     3 |       |       |       ||    72
       Quarterstaff      |       |   110 |   426 |   393 |       ||   929
       Kick              |       |    19 |     4 |       |       ||    23
       Headbutt          |       |     7 |    59 |   132 |    29 ||   227
       Peck              |       |     2 |    69 |   151 |    30 ||   252
       Lajatang          |       |       |       |   412 |   161 ||   573
       Scimitar          |       |       |       |    19 |     3 ||    22
Invok: Recite            |       |       |       |    14 |       ||    14
       Vitalisation      |       |       |       |     1 |     1 ||     2
Evoke: Wand              |       |       |     8 |    20 |     1 ||    29
  Use: Potion            |     1 |     1 |       |     1 |       ||     3
       Scroll            |     4 |     2 |    20 |    12 |       ||    38
 Stab: Paralysed         |       |     1 |     2 |       |       ||     3
       Sleeping          |       |       |     1 |       |       ||     1
       Confused          |       |       |       |     1 |       ||     1
  Eat: Chunk             |     3 |     3 |    16 |    21 |     3 ||    46
       Ration            |       |     1 |       |     2 |       ||     3
Armor: Leather armour    |    29 |    27 |       |       |       ||    56
       Robe              |       |       |    34 |       |       ||    34
       Scale mail        |       |       |    96 |   297 |    61 ||   454
Dodge: Dodged            |    65 |    69 |   224 |   394 |    86 ||   838
Block: Other             |       |     2 |    95 |   121 |    20 ||   238
       Reflection        |       |       |     2 |     7 |       ||     9
       Rpst.: Falchion   |     5 |       |       |       |       ||     5
       Scimitar          |       |       |       |     3 |       ||     3

Table legend:
 A = Non-vault XP
 B = Vault XP
 C = Vault XP percentage of total XP
 D = Non-vault monster count
 E = Vault monster count
 F = Vault count percentage of total count
                 A         B        C        D         E       F
            +---------+---------+-------+---------+---------+-------
      Total |   31242 |   16183 |  34.1 |     315 |     117 |  27.1
            +---------+---------+-------+---------+---------+-------
        D:1 |      38 |      11 |  22.4 |      19 |       5 |  20.8
        D:2 |      46 |      83 |  64.3 |      13 |       5 |  27.8
        D:3 |     104 |     563 |  84.4 |      32 |      19 |  37.3
        D:4 |     404 |       5 |   1.2 |      25 |       1 |   3.8
        D:5 |     686 |       0 |   0.0 |      20 |       0 |   0.0
        D:6 |    1372 |       2 |   0.1 |      25 |       1 |   3.8
        D:7 |    1485 |     736 |  33.1 |      18 |      22 |  55.0
        D:8 |    1264 |    1399 |  52.5 |      30 |       5 |  14.3
        D:9 |     569 |       0 |   0.0 |      24 |       0 |   0.0
       D:10 |    1910 |       0 |   0.0 |      14 |       0 |   0.0
     Lair:1 |    2068 |       0 |   0.0 |      14 |       0 |   0.0
     Lair:2 |    2025 |     829 |  29.0 |       9 |       3 |  25.0
     Lair:3 |    5422 |     967 |  15.1 |      23 |       6 |  20.7
     Lair:4 |    1726 |    1904 |  52.5 |       7 |       5 |  41.7
     Lair:5 |    6329 |    1830 |  22.4 |      19 |       6 |  24.0
     Lair:6 |    5794 |    7606 |  56.8 |      23 |      28 |  54.9
    Ossuary |       0 |     248 | 100.0 |       0 |      11 | 100.0
            +---------+---------+-------+---------+---------+-------
